Map: Data-C

Players

MattBarry

  • Race: Zerg Zerg
  • League: Silver
  • Spawn Location: 3:00

Joekillum - Winner!

  • Race: Protoss Protoss
  • League: Diamond
  • Spawn Location: 9:00

VOD

Have the link to the VOD?

Description

Time

  • Played on: Jan. 19, 2023, 2:41 a.m.
  • Length: 10:33
Show
View Real Time Build Order
Export as new Build Order

MattBarry Zerg 

Build Orders: Hatch First 

Get SALT Encoding   

  12  0:00  Drone  
  13  0:12  Overlord  
  13  0:17  Drone  
  14  0:31  Drone  
  15  0:37  Drone  
  16  0:51  Hatchery  
  15  1:02  Drone  
  16  1:09  Spawning Pool  
  16  1:11  Extractor  
  14  1:18  Drone  
  15  1:30  Drone  
  16  1:38  Drone  
  17  1:49  Drone  
  18  1:56  Zergling x4, Queen  
  22  2:08  Zergling x2  
  23  2:18  Queen  
  23  2:20  Metabolic Boost  
  25  2:23  Drone  
  25  2:25  Drone x2  
  28  2:32  Evolution Chamber  
  28  2:36  Overlord  
  27  2:44  Drone  
  28  3:00  Drone x3  
  31  3:11  Drone x2  
  31  3:12  Drone  
  34  3:17  Extractor  
  34  3:18  Drone x2  
  35  3:28  Zerg Melee Weapons Level 1  
  35  3:34  Drone, Overlord  
  36  3:37  Overlord  
  36  3:38  Overlord  
  36  3:41  Extractor  
  35  3:42  Extractor, Drone x2  
  38  3:57  Roach Warren  
  38  3:59  Lair  
  38  4:00  Evolution Chamber  
  30  4:39  Zergling x12  
  30  4:45  Queen  
  33  4:59  Zergling x4  
  33  5:00  Zergling x14  
  33  5:19  Spine Crawler  
  31  5:21  Spine Crawler  
  28  5:30  Queen  
  28  5:31  Drone  
  28  5:32  Drone x2  
  33  5:47  Drone  
  33  5:48  Drone x4  
  33  6:11  Drone  
  33  6:12  Drone  
  33  6:14  Drone  
  33  6:15  Drone x2  
  37  6:18  Spine Crawler  
  37  6:24  Spine Crawler  
  35  6:26  Drone  
  35  6:27  Drone x3  
  39  6:43  Zergling x4  
  41  6:54  Drone x2  
  41  6:55  Drone x2  
  45  7:03  Roach Warren  
  44  7:15  Hatchery  
  44  7:20  Spine Crawler  
  44  7:21  Spine Crawler  
  41  7:31  Drone x2, Overlord  
  41  7:32  Drone  
  44  7:54  Drone  
  44  7:55  Drone x2  
  44  7:56  Drone, Overlord  
  44  7:57  Roach x4  
  56  8:16  Roach x4  
  63  8:31  Hydralisk Den  
  58  8:50  Drone x5  
  58  8:51  Queen  
  64  9:00  Drone x4  
  64  9:01  Drone x2, Overlord x2  
  70  9:11  Extractor  
  70  9:13  Queen, Extractor  
  70  9:19  Zergling x2  
  70  9:20  Zergling x10  
  60  9:40  Zergling x12  
  59  9:49  Spine Crawler  
  59  9:52  Spine Crawler x2  
  54  9:55  Zergling x4  
  54  10:03  Zergling x2  
  54  10:04  Zergling x2  
Show
View Real Time Build Order
Export as new Build Order

Joekillum Protoss - Winner!

Build Orders: 1 Gate Expand, Chargelot Immortal 

Get SALT Encoding   

  12  0:00  Probe  
  13  0:12  Probe  
  14  0:18  Pylon  
  14  0:24  Probe  
  15  0:36  Gateway  
  15  0:41  Probe  
  16  0:54  Probe  
  17  1:06  Probe  
  18  1:18  Probe  
  19  1:24  Nexus  
  19  1:27  Assimilator  
  19  1:38  Cybernetics Core  
  19  1:41  Probe  
  20  1:53  Probe  
  21  1:55  Pylon  
  21  2:05  Probe  
  22  2:08  Warp Gate (Chrono Boost)  
  22  2:13  Zealot  
  24  2:17  Probe  
  25  2:26  Gateway  
  25  2:29  Probe  
  26  2:37  Probe  
  27  2:38  Gateway  
  27  2:49  Twilight Council  
  27  2:50  Probe  
  28  2:51  Probe  
  29  3:02  Pylon  
  29  3:04  Probe  
  31  3:05  Probe  
  31  3:16  Probe  
  31  3:17  Pylon  
  32  3:21  Probe  
  32  3:23  Charge (Chrono Boost)  
  33  3:28  Probe  
  34  3:37  Zealot x2  
  34  3:38  Zealot  
  40  3:41  Probe  
  40  3:42  Probe  
  42  3:53  Probe  
  42  3:55  Pylon, Probe  
  43  3:57  Assimilator  
  44  4:03  Stalker  
  44  4:04  Stalker  
  46  4:27  Stalker  
  46  4:29  Zealot x2, Probe  
  49  4:39  Probe  
  49  4:41  Probe  
  49  4:54  Nexus  
  49  5:03  Probe x2  
  51  5:16  Zealot x3, Probe  
  50  5:29  Nexus, Probe  
  50  5:30  Probe  
  50  5:33  Assimilator  
  50  5:34  Pylon  
  50  5:37  Zealot x2  
  50  5:38  Zealot  
  50  5:41  Probe  
  50  5:42  Probe  
  58  5:45  Pylon  
  58  5:53  Robotics Facility, Probe  
  59  5:57  Robotics Facility  
  59  5:59  Robotics Facility  
  59  6:16  Probe  
  54  6:18  Zealot  
  54  6:19  Zealot x2  
  54  6:20  Probe  
  54  6:21  Probe  
  62  6:27  Robotics Facility  
  62  6:28  Probe  
  62  6:30  Pylon  
  64  6:32  Probe (Chrono Boost)  
  64  6:34  Assimilator  
  64  6:36  Probe (Chrono Boost)  
  65  6:40  Shield Battery, Probe (Chrono Boost)  
  65  6:44  Probe (Chrono Boost)  
  68  6:47  Probe (Chrono Boost)  
  68  6:50  Forge x2  
  68  6:53  Immortal (Chrono Boost)  
  67  6:59  Stalker x2  
  67  7:01  Probe  
  80  7:03  Immortal (Chrono Boost)  
  80  7:12  Stalker, Probe  
  83  7:23  Stalker x2  
  83  7:27  Immortal  
  91  7:35  Immortal  
  95  7:37  Probe  
  95  7:38  Probe  
  95  7:43  Pylon  
  97  7:46  Gateway, Protoss Ground Weapons Level 1 (Chrono Boost), Protoss Shields Level 1 (Chrono Boost)  
  97  7:49  Gateway x2  
  97  7:53  Zealot x3  
  97  7:56  Probe  
  104  8:01  Assimilator  
  104  8:03  Assimilator, Probe  
  104  8:04  Probe x2  
  107  8:08  Probe  
  108  8:15  Probe  
  109  8:24  Zealot  
  109  8:25  Zealot x2  
  115  8:27  Probe  
  115  8:29  Probe x3  
  123  8:34  Immortal x2  
  123  8:39  Probe  
  124  8:54  Zealot x3  
  124  8:55  Zealot x3  
  128  8:56  Probe  
  128  8:57  Probe  
  129  9:09  Pylon  
  129  9:11  Pylon  
  129  9:13  Pylon x2  
  129  9:16  Pylon  
  129  9:27  Observer x2, Probe  
  128  9:40  Zealot x6  
  140  9:48  Immortal x2  
  148  10:05  Stalker x6  
Tags
 
Add a new tag
Caveats
  • Supply blocks, unpowered buildings, or Contaminate may cause inaccurate times.
  • Supply counts are checked every 10 seconds.